[Event "*** Titled Tuesday Blitz"]
[Site "Chess.com"]
[Date "2020.03.03"]
[Round "8"]
[White "Lovkov_Roman"]
[Black "Gahan-MG"]
[Result "0-1"]
[WhiteElo "2685"]
[BlackElo "2544"]
[TimeControl "180+1"]
[EndTime "14:35:42 PST"]
[Termination "Gahan-MG won by resignation"]

1. e4 c5 2. c3 Nf6 3. e5 Nd5 4. d4 cxd4 5. cxd4 d6 6. Nf3 e6 7. Bc4 Bd7 8. O-O Bc6 9. Qe2 Be7 10.
exd6 Qxd6 11. Ne5 O-O 12. a3 Nd7 13. Nxc6 Qxc6 14. Bd3 N7f6 15. Qf3 Qb6 16. Rd1 Rac8 17. Nc3 Rfd8 18. Ne2 g6 19. Rb1 Nh5 20. Bd2 Qb3 21. Nc3 Qb6 22. Nxd5 Rxd5 23. Be4 Rd7 24. d5 exd5 25.
Bxd5 Nf6 26. Ba2 Rcd8 27. Bc3 h5 28. h3 Qc6 29. Qe2 Qe4 30. Qxe4 Nxe4 31. Rxd7 Rxd7 32. Be1 Bf6 33. Rc1 Bxb2 34. Rc4 Nd6 35. Ra4 a6 36. Kf1 Bf6 37. g4 hxg4 38. hxg4 Kg7 39. f4 Bb2 40. Rb4 Ba1 41. Rb1 Bd4 42.
Rd1 Ne4 43. Kg2 Nf6 44. Kf3 Bb6 45. Rb1 Bd8 46. Bc3 Rd3+ 47. Ke2 Rxc3 48. Kd2 Rg3 49. Bxf7 Kxf7 0-1

[Event "*** Titled Tuesday Blitz"]
[Site "Chess.com"]
[Date "2020.03.03"]
[Round "8"]
[White "MartinMatthiesen"]
[Black "WeAintSurePal"]
[Result "1-0"]
[WhiteElo "2602"]
[BlackElo "2341"]
[TimeControl "180+1"]
[EndTime "14:35:42 PST"]
[Termination "MartinMatthiesen won by checkmate"]

1. d4 d5 2. c4 e6 3. Nc3 Nf6 4. Nf3 Be7 5. Bf4 O-O 6. e3 c5 7.
dxc5 Bxc5 8. Qc2 Nc6 9. a3 Qa5 10. Nd2 Be7 11. Rd1 e5 12. Nb3 Qd8 13. Bg5 d4 14. Bxf6 Bxf6 15. Nd5 Be6 16. Bd3 h6 17. Be4 Be7 18. O-O Rc8 19. Bf5 Qd7 20. Bxe6 Qxe6 21. exd4 Bf6 22. Rfe1 Rfe8 23. Qd2 e4 24. Nc5 Qf5 25.
Nxf6+ Qxf6 26. Nxe4 Qg6 27. f3 Rcd8 28. d5 Ne5 29. Kh1 Nxc4 30. Qd4 Nd6 31. Nc3 Nf5 32.
Qxa7 Qg5 33. Qf2 h5 34. Kg1 g6 35. Ne4 Qe7 36. d6 Qe6 37. g4 hxg4 38. fxg4 Nxd6 39. Nf6+ Kg7 40. Nxe8+ Rxe8 41. Rxe6 Rxe6 42. Qd4+ Kf8 43. Qxd6+ Rxd6 44. Rxd6 Ke7 45. Rb6 f5 46. Rxb7+ Kf6 47.
Rb4 fxg4 48. Kg2 Kf5 49. Kg3 g5 50. Rxg4 Kg6 51. a4 Kh6 52. a5 Kh5 53. a6 Kh6 54.
a7 Kh5 55. Ra4 Kh6 56. a8=Q Kh5 57. Qe8+ Kh6 58. Ra6+ Kg7 59. Qd7+ Kh8 60. Ra8# 1-0

[Event "*** Titled Tuesday Blitz"]
[Site "Chess.com"]
[Date "2020.03.03"]
[Round "8"]
[White "kallerotmg"]
[Black "brutoman"]
[Result "1/2-1/2"]
[WhiteElo "2101"]
[BlackElo "1938"]
[TimeControl "180+1"]
[EndTime "14:35:43 PST"]
[Termination "Game drawn by stalemate"]

1. e4 e6 2. Nc3 d5 3. d4 Bb4 4.
exd5 Qxd5 5. Nf3 Nf6 6. Bd3 Ne4 7. Bd2 Bxc3 8. bxc3 Nxd2 9. Qxd2 O-O 10. O-O b5 11.
Ng5 f5 12. a4 Bb7 13. Nf3 a6 14. axb5 axb5 15. Rxa8 Bxa8 16. Rc1 Nd7 17. Rb1 Bc6 18. Qe2 Rb8 19. c4 Qd6 20. cxb5 Bb7 21. c3 c5 22. Bc4 Bd5 23. Bxd5 exd5 24. Ne5 cxd4 25. cxd4 Nxe5 26. dxe5 Qe6 27. f4 d4 28. Qd3 Qd5 29. b6 Qe4 30. Qc4+ Kf8 31. Qb4+ Kf7 32. b7 d3 33. Qxe4 fxe4 34. Kf2 Ke6 35. Ke3 Kf5 36. h3 h5 37. g3 h4 38. g4+ Ke6 39. Kxe4 d2 40. f5+ Kd7 41. Rd1 Ke7 42. Rxd2 Rxb7 43. Kf4 Rb4+ 44.
Kg5 Rb3 45. Kxh4 Re3 46. e6 Kf6 47. Rd7 g5+ 48. fxg6 Kxe6 49. g7 Kxd7 50. g8=Q Re7 51. Qd5+ Ke8 52. Qa8+ Kf7 53. Qf3+ Kg7 54. Kg5 Kh8 55.
Qf6+ Rg7+ 56. Kf5 Kg8 57. h4 Rf7 58. Qxf7+ Kh8 59. h5 1/2-1/2

[Event "*** Titled Tuesday Blitz"]
[Site "Chess.com"]
[Date "2020.03.03"]
[Round "8"]
[White "SloLev"]
[Black "vlad_Sid"]
[Result "0-1"]
[WhiteElo "2524"]
[BlackElo "2690"]
[TimeControl "180+1"]
[EndTime "14:35:47 PST"]
[Termination "vlad_Sid won by resignation"]

1. e4 c6 2. d4 d5 3. exd5 cxd5 4.
c4 Nf6 5. Nc3 Nc6 6. Be3 g6 7.
Nf3 Bg7 8. c5 O-O 9. Be2 Bg4 10.
Rb1 Ne4 11. h3 Bf5 12. Bd3 Qa5 13. O-O Nxc3 14. bxc3 Bxd3 15. Qxd3 Qc7 16. g3 Rad8 17. Bf4 Qd7 18. Rfe1 f6 19. Qb5 e5 20. Be3 Qxh3 21. Qxb7 Qe6 22. Kg2 e4 23. Nd2 Rf7 24. Qb5 f5 25. f4 h5 26. Nf1 Bf6 27. Bf2 h4 28.
Ne3 hxg3 29. Bxg3 g5 30. Qa6 Nxd4 31. Qxe6 Nxe6 32. Nxf5 gxf4 33. Nh6+ Kg7 34. Nxf7 Kxf7 35. Bf2 Bxc3 36. Rb7+ Kg6 37. Rh1 f3+ 38. Kf1 d4 39.
c6 e3 40. Bh4 Rd6 41. Rg1+ Kf5 42. Rf7+ Ke4 43. c7 Nxc7 44. Rxc7 Rb6 45. Rg4+ Kd3 46. Kg1 Rb1+ 47. Kh2 f2 48. Rf7 f1=Q 49. Rxf1 Rxf1 50.
Kg2 Ra1 51. Rg7 Rxa2+ 52. Kf3 a5 53. Re7 a4 54. Bf6 a3 55. Rd7 Rf2+ 56. Kg3 Rxf6 0-1

[Event "*** Titled Tuesday Blitz"]
[Site "Chess.com"]
[Date "2020.03.03"]
[Round "8"]
[White "StoreySniper"]
[Black "WiktoriaPOL"]
[Result "0-1"]
[WhiteElo "2425"]
[BlackElo "2341"]
[TimeControl "180+1"]
[EndTime "14:35:48 PST"]
[Termination "WiktoriaPOL won by resignation"]

1. c4 Nf6 2. g3 g6 3. Bg2 Bg7 4. Nc3 O-O 5. d4 d6 6. Nf3 Nbd7 7. O-O e5 8. e4 Qe7 9. Re1 Ne8 10. d5 f5 11. Bg5 Nef6 12. Nd2 h6 13. Bxf6 Qxf6 14.
Qe2 f4 15. f3 fxg3 16. hxg3 g5 17. g4 Qg6 18. Nf1 h5 19. gxh5 Qxh5 20. Ng3 Qh7 21. Nf5 Nf6 22. Ne7+ Kf7 23. Nxc8 Raxc8 24. Qe3 g4 25.
Qxa7 gxf3 26. Bxf3 Rh8 27. Re2 Rcg8 28. Rg2 Bh6 29. Rf1 Rxg2+ 30. Bxg2 Rg8 31. Ne2 Qg6 32. Rf2 Ke7 33. Kf1 Ng4 34. Qxb7 Nxf2 35. Qxc7+ Ke8 36.
Qc8+ Kf7 37. Qe6+ Qxe6 38. dxe6+ Kxe6 39. Kxf2 Be3+ 40. Kf3 Bd4 41. b3 Rf8+ 42. Kg3 Ra8 43. Nxd4+ exd4 44. e5 Rxa2 45. exd6 Kxd6 46. Bd5 Kc5 47.
Kf3 Rb2 48. Ke4 Rxb3 49. Bf7 Re3+ 50. Kf4 Re7 51. Bd5 d3 52. Bf3 Kxc4 53. Bh5 Kc3 54.
Kf3 d2 55. Kf2 Kc2 0-1

[Event "*** Titled Tuesday Blitz"]
[Site "Chess.com"]
[Date "2020.03.03"]
[Round "8"]
[White "talman67"]
[Black "marianokar"]
[Result "0-1"]
[WhiteElo "2512"]
[BlackElo "2410"]
[TimeControl "180+1"]
[EndTime "14:35:49 PST"]
[Termination "marianokar won by resignation"]

1. e4 c5 2. Nf3 d6 3. d4 cxd4 4. Nxd4 Nf6 5. Nc3 Nc6 6. Bg5 e6 7. Qd2 a6 8. O-O-O Bd7 9. f4 h6 10. Bh4 g5 11. fxg5 Ng4 12. Be2 Nge5 13. Nf3 Be7 14.
Kb1 hxg5 15. Bg3 b5 16. a3 Rb8 17. Qe3 Nxf3 18. Bxf3 Qc7 19. Rhe1 Ne5 20. Be2 a5 21. Rf1 b4 22. axb4 axb4 23. Na2 Qa5 24. Bxe5 Qxe5 25. h3 Bf6 26. Qb3 Ke7 27. Rxf6 Kxf6 28. Nc1 Rhc8 29.
Qf3+ Kg7 30. Rf1 f6 31. Nd3 Qd4 32. e5 f5 33. exd6 b3 34. c3 Qe4 35. Qxe4 fxe4 36. Ne5 Rf8 37. Rxf8 Rxf8 38. Nxd7 Rf2 39. Bd1 e3 40.
Nc5 Rd2 41. Kc1 Rxd6 42. Ne4 Rd5 43. Ng3 Rd2 44. Ne2 Kf6 45. g4 e5 46. Ng1 Rf2 47.
Bxb3 Rf1+ 48. Bd1 Rxg1 49. b4 e2 50. Kd2 exd1=Q+ 51. Ke3 Re1+ 52. Kf2 Qd2+ 0-1

[Event "*** Titled Tuesday Blitz"]
[Site "Chess.com"]
[Date "2020.03.03"]
[Round "8"]
[White "ChainsOfFantasia"]
[Black "Maili15"]
[Result "1-0"]
[WhiteElo "2532"]
[BlackElo "2334"]
[TimeControl "180+1"]
[EndTime "14:35:49 PST"]
[Termination "ChainsOfFantasia won by resignation"]

1. d4 d5 2. Nf3 Nf6 3. c4 dxc4 4. e3 a6 5. Bxc4 e6 6. O-O c5 7. dxc5 Bxc5 8. Qxd8+ Kxd8 9. Rd1+ Ke7 10. b3 b5 11.
Be2 Bb7 12. Bb2 Nbd7 13. Nbd2 Rhd8 14. a4 bxa4 15. bxa4 Rab8 16. Nc4 Bd5 17. Rab1 Rb4 18. Nce5 Nxe5 19. Nxe5 Rxa4 20. Ra1 Rxa1 21. Rxa1 Rb8 22. Bc3 Ne4 23. Be1 Bd6 24. Nf3 Rb2 25. Bxa6 Nc5 26.
Bf1 Bxf3 27. gxf3 Nb3 28. Ra7+ Ke8 29. Rb7 Rb1 30. Bc3 Nd2 31. Rxb1 Nxb1 32. Bxg7 Nd2 33. Be2 Ke7 34. Bc3 Nb3 35. f4 Nc5 36. Kg2 Ne4 37. Bb2 Nf6 38. Bd3 Nd5 39. Bxh7 f5 40. Bg6 Nf6 41.
Kg3 Ng8 42. Bh5 Kf8 43. Bf3 Ne7 44. Be2 Kf7 45. Kg2 Kg6 46. Be5 Bxe5 47. fxe5 Nc6 48. f4 Nb4 49. Kf3 Nd5 50. e4 fxe4+ 51. Kxe4 Nc3+ 52.
Kf3 Kf7 53. Bd3 Nd5 54. h4 Ne7 55. Kg4 Ng8 56. f5 Nh6+ 57. Kg5 Nxf5 58. Bxf5 exf5 59. Kxf5 Ke7 60. h5 Kf7 61. h6 Ke7 62. h7 1-0

[Event "*** Titled Tuesday Blitz"]
[Site "Chess.com"]
[Date "2020.03.03"]
[Round "8"]
[White "chessdjw"]
[Black "Alopekos"]
[Result "1-0"]
[WhiteElo "2623"]
[BlackElo "2438"]
[TimeControl "180+1"]
[EndTime "14:35:51 PST"]
[Termination "chessdjw won on time"]

1. d4 Nf6 2. c4 e6 3. g3 d5 4. Bg2 Be7 5. Nf3 O-O 6. O-O dxc4 7. Ne5 c5 8. dxc5 Qc7 9. Nxc4 Qxc5 10. b3 Rd8 11.
Nbd2 Nc6 12. Ba3 Nb4 13. Rc1 Qb5 14. e3 e5 15. Qe2 Bg4 16. f3 Bf5 17. Rfd1 Bd3 18.
Qf2 a5 19. Bb2 Nxa2 20. Ra1 Bxc4 21. Nxc4 Rxd1+ 22. Rxd1 Qxb3 23. Qe2 Nc3 24. Bxc3 Qxc3 25. f4 e4 26. g4 b5 27. Ne5 h6 28. h4 Bc5 29. g5 Qxe3+ 30. Qxe3 Bxe3+ 31. Kf1 hxg5 32. fxg5 Nh5 33. Rd7 Ng3+ 34. Ke1 Rc8 35. Rd1 b4 36. Bh3 Rc1 37. Rxc1 Bxc1 38. g6 fxg6 39. Be6+ Kf8 40. Nxg6+ Ke8 41. Kd1 Bb2 42. Bb3 Bf6 43. Kd2 Nf5 44. h5 Ng3 45. Ke3 Nxh5 46. Kxe4 Kd7 47. Kd5 1-0

[Event "*** Titled Tuesday Blitz"]
[Site "Chess.com"]
[Date "2020.03.03"]
[Round "8"]
[White "MateusViageiro"]
[Black "Martins-BR"]
[Result "1-0"]
[WhiteElo "2207"]
[BlackElo "2303"]
[TimeControl "180+1"]
[EndTime "14:35:52 PST"]
[Termination "MateusViageiro won by resignation"]

1. e4 e6 2. Qe2 Nc6 3. f4 d5 4. exd5 Qxd5 5. Nc3 Qc5 6. Nf3 Nf6 7. d4 Nxd4 8. Nxd4 Qxd4 9. Be3 Qb4 10. O-O-O Bd7 11.
g4 O-O-O 12. Bg2 Be7 13. g5 Ne8 14. Rd4 Qa5 15. Rhd1 Nd6 16. Bd2 Qb6 17. Be1 Nf5 18. R4d3 Bc6 19. Bf2 Qa5 20. Bxc6 bxc6 21. Qe4 Rd5 22.
Nxd5 cxd5 23. Qe5 Bd6 24. Rxd5 Qxd5 25. Rxd5 Bxe5 26. Rxe5 a6 27. Ra5 Kb7 28. Ra4 Rd8 29. Rb4+ Ka8 30. Rc4 Kb7 31. Rb4+ Kc8 32. Rc4 Rd6 33.
a4 Kd7 34. a5 Rc6 35. Rb4 Rd6 36. Rb8 Rd5 37. b4 Ne7 38. Ra8 Rd6 39. Bc5 Rc6 40. Rf8 e5 41. Rxf7 Ke6 42. Rxe7+ Kf5 43. Rxe5+ Kxf4 44. Re7 g6 45. Rxh7 Kxg5 46. Rd7 Kg4 47. c4 Kh3 48. Rd2 Kg4 49. Kc2 Kf3 50. Kc3 Re6 51. b5 axb5 52. cxb5 Re5 53. Kd4 Re4+ 54. Kd5 Ra4 55. a6 Ra5 56. Kc6 Ke4 57. Rd4+ Kf5 58. a7 Ke6 59. Rd3 1-0

[Event "*** Titled Tuesday Blitz"]
[Site "Chess.com"]
[Date "2020.03.03"]
[Round "8"]
[White "isla88"]
[Black "karinachess1"]
[Result "1-0"]
[WhiteElo "2338"]
[BlackElo "2502"]
[TimeControl "180+1"]
[EndTime "14:35:53 PST"]
[Termination "isla88 won by resignation"]

1. c4 c5 2. Nf3 Nc6 3. Nc3 e5 4. e3 Nf6 5. d4 d6 6. b3 Be7 7. Bb2 O-O 8. Be2 e4 9. Nd2 Bf5 10. Nf1 Re8 11. Ng3 Bg6 12. O-O cxd4 13. exd4 Bf8 14.
d5 Ne5 15. Qd4 Nd3 16. Bxd3 exd3 17. f4 h6 18. f5 Bh7 19. Qxd3 Qb6+ 20. Kh1 Ng4 21.
Nce4 Ne5 22. Qc3 f6 23. a4 Rac8 24. a5 Qc7 25. Qd4 a6 26. Qb6 Qd7 27. Ba3 Red8 28. Nh5 Qf7 29. Nhg3 Qd7 30. Rac1 Kh8 31. Rc2 Nd3 32.
Rd2 Nc5 33. Bxc5 dxc5 34. Qe6 Bg8 35. Qxd7 Rxd7 36. Nh5 Be7 37. Nf4 Bf7 38. Ne6 Bxe6 39. fxe6 Rdd8 40. d6 Re8 41. d7 Rcd8 42. dxe8=Q+ Rxe8 43. Rd7 Bf8 44. Rxb7 Rxe6 45. Re1 f5 46. Rb8 fxe4 47. Rxf8+ Kh7 48. Rf4 e3 49. Rf3 e2 50.
Rf2 Re3 51. Rfxe2 Rxb3 52. Re5 1-0

[Event "*** Titled Tuesday Blitz"]
[Site "Chess.com"]
[Date "2020.03.03"]
[Round "8"]
[White "Harry_Rakkel"]
[Black "NMZanette"]
[Result "1-0"]
[WhiteElo "2504"]
[BlackElo "2250"]
[TimeControl "180+1"]
[EndTime "14:35:53 PST"]
[Termination "Harry_Rakkel won by checkmate"]

1. c4 c6 2. d4 d5 3. cxd5 cxd5 4. Nc3 Nf6 5. Nf3 Nc6 6. Bf4 Bf5 7. e3 e6 8. Bb5 Bd6 9. Ne5 Rc8 10. O-O O-O 11. Bxc6 bxc6 12. Na4 c5 13. dxc5 Bxc5 14. Rc1 Bd6 15.
Qd4 Bxe5 16. Bxe5 Qe7 17. Bxf6 gxf6 18. Nc5 Rc7 19. b4 Rfc8 20. Rcd1 a5 21. a3 axb4 22. axb4 h6 23. Ra1 Kh7 24. h3 Rg8 25. Kh2 Qd6+ 26. f4 e5 27. fxe5 fxe5 28. Qh4 Bg6 29. Rf6 Qe7 30. Raa6 d4 31. exd4 exd4 32. Qxd4 Rd8 33. Rad6 Ra8 34. h4 h5 35. Rxg6 fxg6 36. Ne6 Rca7 37.
Ng5+ Kh6 38. Re6 Qc7+ 39. g3 Ra2+ 40. Kh3 Ra1 41. Qe4 Qg7 42. Nf3 R8a7 43. Qf4+ Kh7 44. Ng5+ Kh6 45. Ne4+ Kh7 46. Nf6+ Qxf6 47. Rxf6 Rg7 48.
Rf7 Ra7 49. Rxg7+ Rxg7 50. b5 g5 51. Qf5+ Kh6 52. Qf6+ Rg6 53. Qh8# 1-0

[Event "*** Titled Tuesday Blitz"]
[Site "Chess.com"]
[Date "2020.03.03"]
[Round "8"]
[White "MisiekZielony"]
[Black "GCamachoMartinez"]
[Result "0-1"]
[WhiteElo "2101"]
[BlackElo "2398"]
[TimeControl "180+1"]
[EndTime "14:35:54 PST"]
[Termination "GCamachoMartinez won on time"]

1. c4 c5 2. Nc3 Nf6 3. g3 d5 4. cxd5 Nxd5 5. Bg2 Nc7 6. f4 g6 7. Qb3 Nd7 8. Nf3 Bg7 9. O-O O-O 10. Qc2 Rb8 11. b3 b6 12. Bb2 Nf6 13. Ne5 Bb7 14. Nc6 Bxc6 15. Bxc6 Nfd5 16. Nxd5 Nxd5 17. Bxg7 Kxg7 18.
Bxd5 Qxd5 19. Qc3+ Kg8 20. d3 Rbc8 21. Rac1 Rfd8 22.
Qb2 Qd4+ 23. Qxd4 cxd4 24. Kf2 f5 25. Rfd1 Kf7 26. Ke1 Ke6 27. Kd2 Kd5 28. h4 h5 29.
Re1 b5 30. e4+ dxe3+ 31. Rxe3 Rxc1 32. Kxc1 Kd6 33. Kb2 Rc8 34. b4 a6 35. Re5 e6 36.
a4 bxa4 37. Ra5 Rc6 38. Rxa4 Kd5 39. Kb3 e5 40. fxe5 Kxe5 41. Ra5+ Kd4 42. Ra1 Kxd3 43. Rd1+ Ke3 44. Rf1 Ke2 45. Rf4 Ke3 0-1

[Event "*** Titled Tuesday Blitz"]
[Site "Chess.com"]
[Date "2020.03.03"]
[Round "8"]
[White "ChessPlayer202202"]
[Black "Everyfishknows"]
[Result "1-0"]
[WhiteElo "2302"]
[BlackElo "2397"]
[TimeControl "180+1"]
[EndTime "14:35:56 PST"]
[Termination "ChessPlayer202202 won by checkmate"]

1. e4 e5 2. Nf3 Nc6 3. Bc4 Nf6 4. d3 Be7 5. O-O O-O 6. a4 d6 7. a5 a6 8. Re1 Be6 9. h3 h6 10. Nbd2 Bxc4 11. dxc4 Re8 12. Nf1 Bf8 13. Bd2 g6 14. Bc3 Bg7 15. Qd3 Nd7 16. b4 Kh7 17. Ne3 Nf8 18.
Nd5 Ne6 19. b5 Nc5 20. Qe2 Nd4 21. Qd1 axb5 22. Nxd4 exd4 23. Bxd4 Rxe4 24. Rxe4 Nxe4 25. Bxg7 Kxg7 26. Qd4+ Nf6 27. cxb5 c6 28. bxc6 bxc6 29. Nb6 Ra6 30. Ra3 Kh7 31. Rf3 Kg7 32. Qc3 d5 33. Qxc6 Rxa5 34. Qc3 Qxb6 35. Rxf6 Qxf6 36. Qxa5 h5 37. Qxd5 Qa1+ 38. Kh2 Qc1 39. Qe4 Qd2 40.
c4 Qd6+ 41. g3 Qc5 42. Kg2 Qb4 43.
Qd5 Qc3 44. c5 Kf8 45. c6 Ke7 46. Qd7+ Kf6 47. c7 Qb4 48. Qd8+ Kg7 49. c8=Q Qe4+ 50.
Kf1 Kh6 51. Qh8+ Kg5 52. Qc5+ f5 53. Qe3+ Qxe3 54. fxe3 h4 55. Qxh4# 1-0

[Event "*** Titled Tuesday Blitz"]
[Site "Chess.com"]
[Date "2020.03.03"]
[Round "8"]
[White "nocnypako"]
[Black "kleinebeer98"]
[Result "1-0"]
[WhiteElo "2597"]
[BlackElo "2696"]
[TimeControl "180+1"]
[EndTime "14:36:06 PST"]
[Termination "nocnypako won on time"]

1. d4 Nf6 2. c4 e6 3. Nc3 Bb4 4.
e3 O-O 5. Bd2 c5 6. a3 Bxc3 7.
Bxc3 cxd4 8. exd4 d5 9. Nf3 Nc6 10. Be2 dxc4 11. Bxc4 b6 12. O-O Bb7 13. Re1 Rc8 14.
Bd3 Qd5 15. Rc1 Rfd8 16. Qe2 h6 17. h3 Ne7 18. Qe5 Qd7 19. Bb5 Bc6 20. Ba6 Bb7 21. Bb5 Nc6 22. Qg3 Qd5 23. Bxc6 Bxc6 24. Re5 Qd7 25.
d5 Bxd5 26. Rd1 Rxc3 27. bxc3 Qa4 28. Ree1 Rc8 29. Nd4 Ne4 30. Qe5 Nxc3 31. Rd3 f6 32. Qd6 Nb5 33. Qd7 Rc5 34. Nxe6 Bxe6 35. Qxe6+ Kh7 36.
Rd7 Rg5 37. Qxf6 Qh4 38. Qf3 Nd4 39. Qd3+ Nf5 40. Re5 Qf4 41. Re4 Qc1+ 42. Kh2 Rg6 43. Rg4 Qc5 44. Rxg6 Kxg6 45. g4 Qe5+ 46. Kg2 1-0

[Event "*** Titled Tuesday Blitz"]
[Site "Chess.com"]
[Date "2020.03.03"]
[Round "8"]
[White "Imre91"]
[Black "GadimbayliA"]
[Result "0-1"]
[WhiteElo "2757"]
[BlackElo "2903"]
[TimeControl "180+1"]
[EndTime "14:36:08 PST"]
[Termination "GadimbayliA won by resignation"]

1. d4 d5 2. Nf3 Nc6 3. Bf4 Nf6 4. e3 Nh5 5. Bg5 h6 6. Bh4 g5 7. Nfd2 Ng7 8. Bg3 Nf5 9. c4 e6 10. Nc3 Bg7 11. cxd5 exd5 12. Bb5 O-O 13. O-O Nxg3 14. hxg3 Ne7 15. Bd3 c6 16. b4 Bf5 17. Qc2 Qd7 18. Rab1 a6 19. Na4 Bxd3 20. Qxd3 Qc7 21. Rfc1 Rae8 22. Nc5 Nc8 23. a4 Nd6 24. Ncb3 Qe7 25. g4 f5 26. gxf5 Rxf5 27. b5 axb5 28. axb5 cxb5 29. Rf1 Ref8 30. Nc1 g4 31. Ne2 Qf7 32. Nf4 h5 33. Qa3 Qf6 34. Qa2 Qf7 35. Qa3 Rd8 36. Qa5 Bf6 37. Rbc1 Bg5 38. Rc7 Rd7 39. Rxd7 Qxd7 40.
Nxh5 Bd8 41. Qa8 Rxh5 42. Nb3 Qe7 43. g3 Kf7 44. Qb8 Qf8 45. Rc1 Qh6 46. Kf1 Qf6 47. Ke2 Qf3+ 48. Kd3 Qf5+ 49. Ke2 Rh8 50. Qxd6 Qf3+ 51.
Kd3 Qf5+ 52. Kc3 Be7 53. Qf4 Rc8+ 54. Kd2 Qxf4 55. gxf4 Rxc1 56. Nxc1 Ke6 57. Nd3 Kf5 58. Ke2 Ba3 59. Kf1 Ke4 60. Ke2 Kf5 61. f3 g3 62.
Kf1 b4 63. Nc5 Bc1 64. Kg2 Bxe3 65. Kxg3 Bxd4 66. Nd3 Bc3 67. Kf2 b3 0-1

[Event "*** Titled Tuesday Blitz"]
[Site "Chess.com"]
[Date "2020.03.03"]
[Round "8"]
[White "Msb2"]
[Black "Tayson_7"]
[Result "0-1"]
[WhiteElo "2863"]
[BlackElo "2739"]
[TimeControl "180+1"]
[EndTime "14:36:08 PST"]
[Termination "Tayson_7 won on time"]

1. d4 Nf6 2. Nf3 g6 3. c4 c5 4. d5 Bg7 5. Nc3 O-O 6. e4 d6 7. h3 e6 8. Bd3 Nbd7 9. Be3 a6 10. a4 Qe7 11. Qd2 b6 12. O-O e5 13. g4 Kh8 14.
Nh2 Ng8 15. Kg2 a5 16. Ne2 h6 17. Ng3 Ndf6 18. Rh1 Nh7 19. h4 Qxh4 20. g5 Qh3+ 21. Kg1 h5 22. Nf3 Qd7 23. Nh4 Qe8 24. Be2 Ne7 25.
Qd1 f6 26. Nxh5 fxg5 27. Nxg7 Kxg7 28. Nf3 Rh8 29. Nxg5 Nxg5 30. Bxg5 Rxh1+ 31. Kxh1 Ng8 32. Kg2 Nh6 33. Qd2 Nf7 34. Rh1 Ra7 35. Qe3 Qxa4 36. Bh6+ Kg8 37. Qg3 Nxh6 38. Rxh6 Rg7 39. Rxg6 Qd7 40. Bh5 Rxg6 41. Bxg6 Qg4 42. Qxg4 Bxg4 43.
f3 Bc8 44. Kf2 Ba6 45. b3 a4 46. bxa4 Bxc4 47. Be8 Kf8 48. Bc6 Ke7 49. Ke3 Kf6 50. f4 exf4+ 51. Kxf4 Bb3 52. Bb5 Bc2 53. Bc6 c4 54.
Bb5 c3 55. Ke3 Ke5 56. Bd3 Bxa4 0-1

[Event "*** Titled Tuesday Blitz"]
[Site "Chess.com"]
[Date "2020.03.03"]
[Round "8"]
[White "Gabrielian_Artur"]
[Black "Hrant_ChessMood"]
[Result "0-1"]
[WhiteElo "2784"]
[BlackElo "2947"]
[TimeControl "180+1"]
[EndTime "14:36:10 PST"]
[Termination "Hrant_ChessMood won by resignation"]

1. e4 c6 2. d4 d5 3. Nd2 dxe4 4. Nxe4 Nf6 5. Nxf6+ exf6 6. c3 Bd6 7. Bd3 O-O 8.
Qc2 Re8+ 9. Ne2 h5 10. O-O h4 11. h3 Na6 12. Be3 Nc7 13. Rad1 Nd5 14. Bc1 Bc7 15. Be4 Qd6 16. f4 Bd7 17. Rf3 Re7 18. Bd3 Rae8 19.
a3 b5 20. Rdf1 a5 21. R1f2 a4 22. Qd1 f5 23. Bd2 Qg6 24. Bc2 Nf6 25. Nc1 Be6 26. Nd3 Bd5 27. Ne5 Qh7 28. Re3 Ne4 29. Rfe2 f6 30.
Bxe4 fxe4 31. Ng4 Bxf4 32. Rf2 Bxe3 33. Nxe3 Rf7 34. Qg4 Be6 35. Qf4 Qh5 36. Qd6 Bd7 37. Kh2 Qg5 38. Nf5 e3 39. Bxe3 Rxe3 40. Nxe3 Qxe3 41.
Rf3 Qe6 42. Qb8+ Rf8 43. Qf4 g5 44. Qd2 Qd6+ 45. Kg1 Kg7 46. Qf2 Be6 47. Re3 Bd5 48. Qe1 Rf7 49. g3 hxg3 50. Rxg3 Re7 51. Qf2 Kf7 52. h4 Re2 0-1

[Event "*** Titled Tuesday Blitz"]
[Site "Chess.com"]
[Date "2020.03.03"]
[Round "8"]
[White "Ba_clbaf_osed_ingo_3v21"]
[Black "GrigorGrigorov"]
[Result "0-1"]
[WhiteElo "2631"]
[BlackElo "2762"]
[TimeControl "180+1"]
[EndTime "14:36:12 PST"]
[Termination "GrigorGrigorov won by resignation"]

1. Nf3 d5 2. c4 e6 3. g3 Nf6 4.
d4 dxc4 5. Bg2 Bd7 6. Ne5 Bc6 7. Nxc6 Nxc6 8. O-O Qd7 9. e3 Rd8 10. Qc2 e5 11. Qxc4 exd4 12. exd4 Be7 13. Be3 O-O 14. Rd1 Nb4 15. Nd2 Nbd5 16. Rac1 c6 17. Nf3 Bd6 18. Bg5 Qf5 19. Bxf6 Qxf6 20. Nd2 Bc7 21. Ne4 Qf5 22. Nc5 Qc8 23. b4 a6 24. a4 b5 25. axb5 axb5 26. Qb3 Rfe8 27. Nd3 Qe6 28. Re1 Qd6 29. Ne5 Qh6 30. Nxc6 Rxe1+ 31. Rxe1 Qxc6 32. Bxd5 Qf6 33. Bc6 Qxc6 34. Qd3 g6 35. Rd1 Qd5 36. Rc1 Bd6 37. Qc3 Bf8 38. Rd1 Rd6 39. Qd2 Rc6 40. Re1 Rc4 41. Re8 Rxd4 42. Qc3 Rd1+ 43. Re1 Rxe1+ 44.
Qxe1 Qc4 45. Qe8 Qxb4 46. Qc6 Qc4 47. Qb7 b4 48. Kg2 b3 49. h4 h5 50. g4 Qxg4+ 51.
Kf1 Qc4+ 52. Kg2 Qc2 53. Kg3 b2 54. f4 b1=Q 0-1

[Event "*** Titled Tuesday Blitz"]
[Site "Chess.com"]
[Date "2020.03.03"]
[Round "8"]
[White "HZMC92"]
[Black "davserr65"]
[Result "1/2-1/2"]
[WhiteElo "2374"]
[BlackElo "2102"]
[TimeControl "180+1"]
[EndTime "14:36:15 PST"]
[Termination "Game drawn by repetition"]

1. d4 Nf6 2. c4 g6 3. Nc3 d5 4. cxd5 Nxd5 5. e4 Nb6 6. Nf3 Bg4 7. Be2 Bg7 8. Be3 O-O 9. O-O Nc6 10. d5 Bxf3 11. Bxf3 Ne5 12. Be2 Nec4 13. Bg5 h6 14.
Bh4 g5 15. Bg3 c6 16. Bxc4 Nxc4 17. Qe2 Nb6 18. dxc6 bxc6 19. Rfd1 Qc8 20. Rac1 Qb7 21. h4 Rfd8 22. hxg5 hxg5 23. Qh5 Nc4 24. Rxd8+ Rxd8 25. b3 Ne5 26. Bxe5 Bxe5 27. Qxg5+ Bg7 28. Na4 Qb4 29. g3 Qxe4 30. Nc5 Qd5 31. Qxd5 cxd5 32. Rc2 e6 33. Kf1 Bf8 34. Ke2 Rc8 35. b4 a5 36. a3 axb4 37. axb4 Rb8 38. Nd3 Bxb4 39. Rb2 Bd6 40. Rxb8+ Bxb8 41. g4 Bd6 42. f3 Kg7 43. Ke3 Kg6 44. Ke2 Kg5 45. Ke3 e5 46.
Ke2 f5 47. gxf5 Kxf5 48. Ke3 e4 49. fxe4+ dxe4 50. Ne1 Bc5+ 51. Ke2 Kf4 52. Nc2 Bb6 53. Nb4 Bd4 54. Nd5+ Ke5 55. Nb4 Bc5 56. Nc2 Bb6 57. Nb4 Bc5 58. Nd3+ Kd4 59. Nxc5 Kxc5 60. Ke3 Kd5 61.
Ke2 Kd4 62. Kd2 e3+ 63. Ke2 Ke4 64. Ke1 Kd3 65. Kd1 Kd4 66. Ke2 Ke4 67. Ke1 Kf4 68. Ke2 Ke4 1/2-1/2

[Event "*** Titled Tuesday Blitz"]
[Site "Chess.com"]
[Date "2020.03.03"]
[Round "8"]
[White "vova-79"]
[Black "Danfii"]
[Result "1-0"]
[WhiteElo "2553"]
[BlackElo "2412"]
[TimeControl "180+1"]
[EndTime "14:36:17 PST"]
[Termination "vova-79 won by checkmate"]

1. d4 Nf6 2. c4 e6 3. Nc3 Bb4 4. e3 O-O 5. Ne2 Re8 6. a3 Bf8 7. Ng3 d5 8. Be2 b6 9. O-O Bb7 10. Bf3 c5 11. dxc5 bxc5 12. cxd5 exd5 13. e4 d4 14. e5 Nd5 15. Nxd5 Bxd5 16. b4 Nc6 17. bxc5 Bxc5 18. Ne4 Bb6 19. Bg5 Qd7 20. Bg4 Be6 21. Bxe6 Rxe6 22. f4 Qd5 23. Nd6 h6 24.
Bh4 Bc5 25. Nf5 Qe4 26. Ng3 Qe3+ 27. Kh1 Rb8 28. Rf3 Rb2 29. Rxe3 dxe3 30. Ne4 Bd4 31. Rb1 e2 32. Qe1 Rc2 33. Bf2 Bb2 34. Ng3 Nd4 35.
Bxd4 Bxd4 36. Nxe2 Bxe5 37. Qd1 Rc4 38. Rb8+ Kh7 39.
Qd3+ g6 40. Qxc4 Bxb8 41. g3 Bd6 42. a4 a5 43. Kg2 Bb4 44. Nd4 Rd6 45. Qxf7+ Kh8 46.
Ne6 Rd2+ 47. Kf3 Bc3 48. Qf8+ Kh7 49. Qf7+ Kh8 50. Qxg6 h5 51. Qe8+ Kh7 52. Qxh5+ Kg8 53. Qe8+ Kh7 54. f5 Kh6 55. Kg4 Rd4+ 56. Nxd4 Bxd4 57.
Qg6# 1-0

[Event "*** Titled Tuesday Blitz"]
[Site "Chess.com"]
[Date "2020.03.03"]
[Round "8"]
[White "SARGISMV"]
[Black "farzadbfd"]
[Result "1/2-1/2"]
[WhiteElo "2471"]
[BlackElo "2627"]
[TimeControl "180+1"]
[EndTime "14:36:21 PST"]
[Termination "Game drawn - insufficient material"]

1. Nf3 d5 2. b3 Bf5 3. Bb2 Nf6 4. g3 e6 5. Bg2 Nbd7 6. d3 c5 7. Nh4 Bg6 8. Nxg6 hxg6 9. Nd2 Rc8 10. c4 Nb6 11.
O-O Be7 12. a4 Qc7 13. e3 Rd8 14. a5 Nbd7 15. Qe2 Ne5 16. Rfd1 a6 17. cxd5 Nxd5 18. Nc4 Bf6 19. f4 Nxc4 20. dxc4 Bxb2 21. Qxb2 Nxe3 22.
Qxg7 Rxd1+ 23. Rxd1 Nxd1 24. Qxh8+ Ke7 25. Qh4+ Ke8 26. Qh8+ Ke7 27. Bf3 Qxa5 28. Qe5 Nc3 29. Bxb7 Nb1 30. Kg2 Nd2 31. Kh3 Nxb3 32. Qb8 Qb6 33.
Qa8 Nd4 34. Bxa6 e5 35. Qb7+ Qxb7 36. Bxb7 exf4 37. gxf4 Nc2 38. Bd5 Kf6 39. Kg3 Ne3 40. Kf3 Nxd5 41. cxd5 Ke7 42. Ke4 Kd6 43. f5 c4 44. Kd4 gxf5 45. h4 f4 46. Kxc4 f3 47. Kd3 f2 48. Ke2 Kxd5 49. Kxf2 Ke5 50. Kf3 Kf5 51. Kg3 f6 52. Kf3 Ke5 53. Kg4 f5+ 54.
Kg3 f4+ 55. Kf3 Kf5 56. h5 Kg5 57. h6 Kxh6 58. Kxf4 1/2-1/2